Map: Triton LE

Players

Zest

  • Race: Protoss Protoss
  • Spawn Location: 11:00

Serral - Winner!

  • Race: Zerg Zerg
  • Spawn Location: 5:00

Event: IEM Katowice 2020

VOD

Have the link to the VOD?

Description

Time

  • Played on: March 1, 2020, 4:38 a.m.
  • Length: 11:01

All games in this series

Show
View Real Time Build Order
Export as new Build Order

Zest Protoss 

Build Orders: 1 Gate Expand, Oracle Opening, Chargelot Immortal 

Get SALT Encoding   

  12  0:00  Probe  
  13  0:12  Probe  
  14  0:18  Pylon  
  14  0:24  Probe (Chrono Boost)  
  15  0:37  Probe (Chrono Boost), Gateway  
  16  0:44  Probe (Chrono Boost)  
  16  0:47  Assimilator  
  17  0:51  Probe  
  18  1:03  Probe  
  19  1:14  Pylon  
  19  1:15  Probe  
  20  1:31  Nexus  
  20  1:40  Cybernetics Core  
  20  1:44  Probe  
  21  1:49  Assimilator  
  21  1:56  Probe  
  21  2:00  Pylon  
  22  2:08  Probe  
  23  2:18  Adept  
  23  2:21  Stargate  
  25  2:23  Probe (Chrono Boost)  
  26  2:31  Warp Gate  
  26  2:33  Probe (Chrono Boost)  
  27  2:39  Probe (Chrono Boost)  
  28  2:45  Probe (Chrono Boost)  
  28  2:48  Stalker  
  32  2:54  Probe (Chrono Boost)  
  32  2:55  Probe (Chrono Boost)  
  33  2:59  Probe  
  33  3:02  Oracle (Chrono Boost)  
  37  3:07  Probe  
  37  3:11  Probe  
  39  3:18  Pylon  
  39  3:19  Probe  
  40  3:23  Probe  
  41  3:29  Gateway, Oracle (Chrono Boost)  
  44  3:34  Probe  
  44  3:35  Probe  
  46  3:47  Probe  
  46  3:48  Probe  
  48  3:51  Assimilator  
  48  3:53  Assimilator  
  48  3:56  Oracle (Chrono Boost)  
  48  3:59  Probe  
  48  4:00  Probe  
  53  4:07  Pylon  
  53  4:12  Probe  
  54  4:17  Robotics Facility  
  54  4:22  Nexus  
  54  4:23  Pylon  
  54  4:27  Probe (Chrono Boost)  
  54  4:30  Probe (Chrono Boost)  
  56  4:34  Adept  
  56  4:35  Adept  
  56  4:36  Probe (Chrono Boost)  
  62  4:39  Probe (Chrono Boost)  
  62  4:41  Probe (Chrono Boost)  
  63  4:49  Probe  
  63  4:50  Twilight Council  
  64  4:59  Gateway  
  65  5:00  Gateway  
  65  5:01  Gateway, Immortal (Chrono Boost)  
  65  5:06  Sentry  
  70  5:14  Shield Battery  
  70  5:15  Pylon, Shield Battery  
  70  5:28  Twilight Council  
  70  5:29  Forge  
  70  5:33  Probe x2  
  70  5:35  Immortal (Chrono Boost)  
  72  5:40  Sentry  
  72  5:41  Sentry  
  72  5:42  Probe  
  78  5:45  Probe  
  78  5:48  Probe  
  78  5:49  Pylon  
  80  5:54  Sentry x2  
  84  5:59  Shield Battery  
  84  6:00  Shield Battery  
  84  6:02  Stalker  
  86  6:18  Stalker x4  
  86  6:22  Shield Battery  
  94  6:27  Shield Battery  
  94  6:32  Sentry  
  94  6:35  Immortal (Chrono Boost)  
  96  6:42  Zealot x2  
  97  6:55  Pylon  
  97  6:56  Pylon  
  97  6:57  Pylon  
  97  6:58  Zealot x2  
  101  7:13  Immortal  
  101  7:15  Zealot x3  
  93  7:24  Probe x3  
  93  7:26  Photon Cannon  
  93  7:28  Stalker x2  
  100  7:32  Charge (Chrono Boost)  
  100  7:34  Protoss Ground Weapons Level 1 (Chrono Boost)  
  100  7:36  Probe (Chrono Boost)  
  99  7:37  Probe (Chrono Boost)  
  94  7:45  Probe (Chrono Boost)  
  94  7:49  Probe x2 (Chrono Boost)  
  95  7:52  Immortal (Chrono Boost)  
  95  7:56  Probe (Chrono Boost)  
  95  7:57  Probe x2 (Chrono Boost)  
  102  8:00  Templar Archives  
  99  8:17  Zealot x2  
  99  8:18  Zealot x3  
  106  8:25  Probe  
  105  8:28  Observer (Chrono Boost)  
  106  8:35  Gateway  
  106  8:42  High Templar  
  106  8:43  High Templar, Zealot x2  
  106  8:47  Archon  
  114  8:57  Probe  
  114  8:59  Pylon  
  114  9:02  Pylon, Warp Prism (Chrono Boost)  
  117  9:07  Pylon  
  117  9:14  Pylon  
  117  9:22  High Templar x2, Zealot x3  
  117  9:49  Stalker x3  
  115  10:15  High Templar, Zealot  
  115  10:16  Zealot x2  
  115  10:20  Archon  
  55  10:55  Zealot x2  
Show
View Real Time Build Order
Export as new Build Order

Serral Zerg - Winner!

Build Orders: Hatch First, Muta Ling Bane 

Get SALT Encoding   

  12  0:00  Drone  
  13  0:12  Overlord  
  13  0:16  Drone  
  14  0:31  Drone x2  
  16  0:48  Hatchery  
  15  0:51  Drone  
  15  0:54  Drone  
  17  0:57  Drone  
  18  1:08  Extractor  
  17  1:13  Spawning Pool  
  17  1:16  Drone  
  17  1:19  Drone  
  18  1:30  Drone  
  19  1:38  Drone  
  20  1:51  Overlord  
  20  1:59  Queen x2  
  20  2:00  Zergling x2  
  25  2:03  Zergling x2  
  26  2:12  Drone x2  
  28  2:18  Metabolic Boost  
  30  2:22  Drone x2  
  30  2:38  Hatchery  
  29  2:46  Queen  
  31  2:53  Overlord  
  31  2:54  Drone  
  31  2:55  Drone  
  33  2:58  Drone  
  33  2:59  Drone  
  33  3:01  Drone  
  36  3:11  Drone x2  
  36  3:12  Drone x2  
  40  3:14  Overlord  
  40  3:21  Overlord  
  40  3:22  Drone  
  40  3:26  Queen  
  43  3:31  Zergling x2  
  43  3:34  Zergling x2  
  45  3:39  Drone  
  45  3:41  Drone x2  
  48  3:43  Drone x2  
  48  3:47  Lair  
  50  3:49  Roach Warren  
  50  3:51  Drone  
  51  3:56  Drone, Queen  
  51  3:57  Drone x2  
  51  4:01  Spore Crawler  
  55  4:10  Spore Crawler, Drone x3  
  55  4:11  Extractor  
  55  4:12  Extractor  
  55  4:14  Spore Crawler, Drone  
  55  4:19  Drone x2  
  55  4:20  Drone  
  58  4:26  Drone, Roach Warren  
  58  4:29  Overlord  
  58  4:36  Drone x2  
  58  4:38  Drone x3  
  63  4:41  Drone x2  
  63  4:44  Overlord  
  65  4:47  Drone  
  65  4:50  Overlord  
  65  4:51  Extractor  
  65  4:53  Overlord  
  65  4:57  Overlord  
  65  5:06  Roach  
  65  5:07  Nydus Network, Roach  
  69  5:11  Roach x2  
  72  5:14  Roach x2  
  72  5:18  Roach x2  
  80  5:23  Extractor, Roach x2  
  81  5:38  Overlord  
  81  5:43  Nydus Canal  
  81  5:46  Zergling x6  
  81  5:47  Zergling x2  
  81  5:48  Ravager x3  
  88  5:51  Ravager  
  88  5:52  Zergling x20  
  99  5:59  Overlord  
  99  6:03  Nydus Canal  
  99  6:04  Zergling x4  
  101  6:06  Ravager  
  101  6:10  Zergling x6, Drone  
  106  6:17  Zergling x10  
  108  6:23  Zergling x2  
  108  6:24  Zergling x4  
  105  6:29  Nydus Canal  
  99  6:34  Zergling x6  
  96  6:43  Roach  
  96  6:44  Roach x2  
  96  6:46  Nydus Canal  
  95  6:53  Roach  
  97  6:55  Roach  
  97  6:56  Roach  
  97  7:02  Glial Reconstitution, Queen x3  
  97  7:05  Roach x2  
  105  7:12  Spire, Extractor  
  105  7:13  Nydus Canal  
  98  7:17  Roach  
  93  7:23  Roach x2  
  96  7:30  Nydus Canal  
  96  7:38  Drone x4  
  96  7:42  Drone  
  101  7:45  Roach x2  
  101  7:46  Nydus Canal  
  101  7:49  Roach x2  
  99  8:24  Mutalisk x5  
  106  8:27  Mutalisk  
  106  8:28  Extractor  
  106  8:31  Drone x4  
  106  8:33  Drone x3  
  114  8:38  Overlord  
  114  8:39  Overlord x3  
  114  8:53  Hatchery, Baneling Nest  
  112  9:00  Mutalisk x4  
  120  9:05  Zergling x22  
  131  9:20  Roach x3  
  131  9:22  Evolution Chamber  
  136  9:28  Roach x4  
  136  9:29  Roach  
  136  9:30  Overlord x2  
  146  9:32  Overlord  
  146  9:37  Overlord  
  146  9:40  Centrifical Hooks  
  146  9:48  Baneling  
  146  9:49  Baneling x10  
  146  9:56  Ravager  
  146  9:57  Roach x3  
  153  10:03  Zergling x10  
  154  10:12  Zergling x12  
  144  10:20  Zergling x8  
  123  10:30  Roach  
  123  10:31  Roach x5  
  116  10:40  Zergling x4, Roach x2  

Tags
 
Add a new tag
Caveats
  • Supply blocks, unpowered buildings, or Contaminate may cause inaccurate times.
  • Supply counts are checked every 10 seconds.